TOP OF THE 1ST |
Eau Claire Esquires batting - Pitching for Jasper Cougars : RHP Andrés Ruíz
|
Pitching: RHP Andrés Ruíz
|
|
Batting: SHB Álex Hernández
|
0-0: Ball 1-0: Fly out, F9 (Flyball, 9M)
|
Batting: LHB Johnny Foley
|
0-0: Ball 1-0: Ball 2-0: Fly out, F8 (Flyball, 8RM)
|
Batting: RHB Terry Perkins
|
0-0: Called Strike 0-1: Fly out, F8 (Flyball, 8LS)
|
Top of the 1st over - 0 run(s), 0 hit(s), 0 error(s), 0 left on base; Eau Claire 0 - Jasper 0 |
BOTTOM OF THE 1ST |
Jasper Cougars batting - Pitching for Eau Claire Esquires : LHP Manuel Encarnación
|
Pitching: LHP Manuel Encarnación
|
|
Batting: RHB David Hernández
|
0-0: Fly out, F8 (Flyball, 8RD)
|
Batting: SHB Carlos Córdova
|
0-0: Called Strike 0-1: Ball 1-1: Fly out, F9 (Flyball, 9M)
|
Batting: LHB António Camacho
|
0-0: Fly out, F9 (Flyball, 9D)
|
Bottom of the 1st over - 0 run(s), 0 hit(s), 0 error(s), 0 left on base; Eau Claire 0 - Jasper 0 |
TOP OF THE 2ND |
Eau Claire Esquires batting - Pitching for Jasper Cougars : RHP Andrés Ruíz
|
Batting: RHB Félix Gonzáles
|
0-0: Called Strike 0-1: Called Strike 0-2: Ball 1-2: Ball 2-2: Strikes out swinging
|
Batting: LHB José Martínez
|
0-0: Ball 1-0: SINGLE (Groundball, 34D)
|
Batting: RHB Jon Krohne
|
0-0: Called Strike 0-1: Ball 1-1: Ball 2-1: Ball 3-1: Called Strike 3-2: Foul Ball, location: 2F 3-2: Strikes out looking
|
Batting: RHB Nelson Castro
|
0-0: Foul Ball, location: 2F 0-1: Foul Ball, location: 2F 0-2: Foul Ball, location: 2F 0-2: Ball 1-2: Foul Ball, location: 2F 1-2: Foul Ball, location: 2F 1-2: Ground out 6-3 (Groundball, 6)
|
Top of the 2nd over - 0 run(s), 1 hit(s), 0 error(s), 1 left on base; Eau Claire 0 - Jasper 0 |
BOTTOM OF THE 2ND |
Jasper Cougars batting - Pitching for Eau Claire Esquires : LHP Manuel Encarnación
|
Batting: SHB Ron Edwards
|
0-0: Ball 1-0: Ball 2-0: Called Strike 2-1: Called Strike 2-2: Ball 3-2: Foul Ball, location: 2F 3-2: Ground out 1-3 (Groundball, 25)
|
Batting: LHB Kyle Harrison
|
0-0: Called Strike 0-1: Ball 1-1: Ball 2-1: Ball 3-1: Foul Ball, location: 2F 3-2: Foul Ball, location: 2F 3-2: Ground out 3-1 (Groundball, 34)
|
Batting: SHB Rafael Acosta
|
0-0: Ball 1-0: Called Strike 1-1: Foul Ball, location: 2F 1-2: Ball 2-2: Foul Ball, location: 2F 2-2: Strikes out swinging
|
Bottom of the 2nd over - 0 run(s), 0 hit(s), 0 error(s), 0 left on base; Eau Claire 0 - Jasper 0 |
TOP OF THE 3RD |
Eau Claire Esquires batting - Pitching for Jasper Cougars : RHP Andrés Ruíz
|
Batting: RHB David Alonso
|
0-0: Foul Ball, location: 2F 0-1: Ball 1-1: Called Strike 1-2: Foul Ball, location: 2F 1-2: Ball 2-2: Fly out, F9 (Flyball, 9M)
|
Batting: RHB Dave Anderson
|
0-0: Ball 1-0: Ball 2-0: Ball 3-0: Called Strike 3-1: Ground out 4-3 (Groundball, 4)
|
Batting: SHB Álex Hernández
|
0-0: Foul Ball, location: 2F 0-1: Ball 1-1: Called Strike 1-2: Ball 2-2: Foul Ball, location: 2F 2-2: Foul Ball, location: 2F 2-2: Strikes out swinging
|
Top of the 3rd over - 0 run(s), 0 hit(s), 0 error(s), 0 left on base; Eau Claire 0 - Jasper 0 |
BOTTOM OF THE 3RD |
Jasper Cougars batting - Pitching for Eau Claire Esquires : LHP Manuel Encarnación
|
Batting: RHB Bob Cole
|
0-0: Called Strike 0-1: Ball 1-1: Foul Ball, location: 2F 1-2: Ground out 4-3 (Groundball, 4)
|
Batting: LHB John Stone
|
0-0: Called Strike 0-1: Ball 1-1: Foul Ball, location: 2F 1-2: Ball 2-2: Ball 3-2: Foul Ball, location: 2F 3-2: Ground out 6-3 (Groundball, 6)
|
Batting: RHB Neil Weeks
|
0-0: Ball 1-0: Ball 2-0: Swinging Strike 2-1: Ball 3-1: Fly out, F9 (Flyball, 9M)
|
Bottom of the 3rd over - 0 run(s), 0 hit(s), 0 error(s), 0 left on base; Eau Claire 0 - Jasper 0 |
TOP OF THE 4TH |
Eau Claire Esquires batting - Pitching for Jasper Cougars : RHP Andrés Ruíz
|
Batting: LHB Johnny Foley
|
0-0: Ball 1-0: Foul Ball, location: 2F 1-1: Ball 2-1: Swinging Strike 2-2: Strikes out swinging
|
Batting: RHB Terry Perkins
|
0-0: Ball 1-0: Ball 2-0: Ball 3-0: Called Strike 3-1: Base on Balls
|
Batting: RHB Félix Gonzáles
|
0-0: Called Strike 0-1: Called Strike 0-2: Strikes out swinging
|
Batting: LHB José Martínez
|
0-0: Ball Wild Pitch! Terry Perkins to second 1-0: Ball 2-0: SINGLE (Line Drive, 4D) Terry Perkins to third Runner from 3rd tries for Home, SAFE, no throw or cutoff
|
Batting: RHB Jon Krohne
|
0-0: DOUBLE (Flyball, 8RXD) José Martínez to third
|
Batting: RHB Nelson Castro
|
0-0: DOUBLE (Line Drive, 9LS) José Martínez scores Jon Krohne scores
|
Batting: RHB David Alonso
|
0-0: Ground out 6-3 (Groundball, 6M)
|
Top of the 4th over - 3 run(s), 3 hit(s), 0 error(s), 1 left on base; Eau Claire 3 - Jasper 0 |
BOTTOM OF THE 4TH |
Jasper Cougars batting - Pitching for Eau Claire Esquires : LHP Manuel Encarnación
|
Batting: RHB David Hernández
|
0-0: Ball 1-0: Ground out 6-3 (Groundball, 6)
|
Batting: SHB Carlos Córdova
|
0-0: Called Strike 0-1: Swinging Strike 0-2: Foul Ball, location: 2F 0-2: Ball 1-2: Ball 2-2: Strikes out looking
|
Batting: LHB António Camacho
|
0-0: Ball 1-0: SINGLE (Line Drive, 9S)
|
Batting: SHB Ron Edwards
|
0-0: Called Strike 0-1: Fielders Choice at 2nd, 6-4 (Groundball, 6)
|
Bottom of the 4th over - 0 run(s), 1 hit(s), 0 error(s), 0 left on base; Eau Claire 3 - Jasper 0 |
TOP OF THE 5TH |
Eau Claire Esquires batting - Pitching for Jasper Cougars : RHP Andrés Ruíz
|
Batting: RHB Dave Anderson
|
0-0: Swinging Strike 0-1: Ball 1-1: Ball 2-1: Called Strike 2-2: Fly out, F1 (Popup, 15S)
|
Batting: SHB Álex Hernández
|
0-0: Called Strike 0-1: Ball 1-1: Ball 2-1: Foul Ball, location: 2F 2-2: Strikes out looking
|
Batting: LHB Johnny Foley
|
0-0: Ground out U3 (Groundball, 3S)
|
Top of the 5th over - 0 run(s), 0 hit(s), 0 error(s), 0 left on base; Eau Claire 3 - Jasper 0 |
BOTTOM OF THE 5TH |
Jasper Cougars batting - Pitching for Eau Claire Esquires : LHP Manuel Encarnación
|
Batting: LHB Kyle Harrison
|
0-0: Ball 1-0: SOLO HOME RUN (Flyball, 8LXD), Distance : 415 ft
|
Batting: SHB Rafael Acosta
|
0-0: Called Strike 0-1: Ball 1-1: Ball 2-1: Ball 3-1: Foul Ball, location: 2F 3-2: Foul Ball, location: 2F 3-2: Fly out, F8 (Flyball, 8RD)
|
Batting: RHB Bob Cole
|
0-0: Foul Ball, location: 2F 0-1: SINGLE (Flyball, 78S)
|
Batting: LHB John Stone
|
0-0: Called Strike 0-1: Ball 1-1: Ball 2-1: Foul Ball, location: 2F 2-2: Ball 3-2: Fly out, F9 (Flyball, 89S)
|
Batting: RHB Neil Weeks
|
0-0: Ball 1-0: Called Strike Single, Error in OF, E9, batter to second base Bob Cole to third
|
Batting: RHB David Hernández
|
0-0: Ball 1-0: Ground out 4-3 (Groundball, 4)
|
Bottom of the 5th over - 1 run(s), 3 hit(s), 1 error(s), 2 left on base; Eau Claire 3 - Jasper 1 |
TOP OF THE 6TH |
Eau Claire Esquires batting - Pitching for Jasper Cougars : RHP Andrés Ruíz
|
Pitching: RHP António Peña
|
|
Batting: RHB Terry Perkins
|
0-0: DOUBLE (Flyball, 78M)
|
Batting: RHB Félix Gonzáles
|
0-0: Foul Ball, location: 2F 0-1: Ball 1-1: Ball 2-1: Foul Ball, location: 2F 2-2: Hit by Pitch
|
Batting: LHB José Martínez
|
0-0: Called Strike 0-1: Grounds into double play, 4-6-3 (Groundball, 4) Terry Perkins to third
|
Batting: RHB Jon Krohne
|
0-0: Ball 1-0: Foul Ball, location: 2F 1-1: Called Strike 1-2: Strikes out swinging
|
Top of the 6th over - 0 run(s), 1 hit(s), 0 error(s), 1 left on base; Eau Claire 3 - Jasper 1 |
BOTTOM OF THE 6TH |
Jasper Cougars batting - Pitching for Eau Claire Esquires : LHP Manuel Encarnación
|
Batting: SHB Carlos Córdova
|
0-0: Ball 1-0: Ball 2-0: Called Strike 2-1: Called Strike 2-2: Ball 3-2: Base on Balls
|
Batting: LHB António Camacho
|
0-0: Ball Carlos Córdova is caught stealing 2nd base 1-0: Called Strike 1-1: Ball 2-1: Foul Ball, location: 2F 2-2: Foul Ball, location: 2F 2-2: Ball 3-2: Fly out, F7 (Flyball, 7M)
|
Batting: SHB Ron Edwards
|
0-0: Ball 1-0: Ball 2-0: Swinging Strike 2-1: Ball 3-1: Called Strike 3-2: Base on Balls
|
Pitching: RHP Robinson Alomar
|
|
Batting: LHB Kyle Harrison
|
0-0: Ball 1-0: SINGLE (Groundball, 3D) Ron Edwards to second Throwing error, E9 Ron Edwards scores Kyle Harrison to second
|
Batting: SHB Rafael Acosta
|
0-0: Fly out, F2 (Popup, 2LF)
|
Bottom of the 6th over - 1 run(s), 1 hit(s), 1 error(s), 1 left on base; Eau Claire 3 - Jasper 2 |
TOP OF THE 7TH |
Eau Claire Esquires batting - Pitching for Jasper Cougars : RHP António Peña
|
Pitching: LHP Robert Williams
|
|
Batting: RHB Nelson Castro
|
0-0: Ball 1-0: Ball 2-0: Ball 3-0: Called Strike 3-1: Foul Ball, location: 2F 3-2: Base on Balls
|
Pinch Hitting: LHB Jesús Bueno
|
0-0: Foul Ball, location: 2F 0-1: Called Strike Nelson Castro is caught stealing 2nd base 0-2: Strikes out swinging
|
Pitching: LHP Alberto Guerra
|
|
Batting: RHB Dave Anderson
|
0-0: Foul Ball, location: 2F 0-1: SINGLE (Line Drive, 89S)
|
Batting: SHB Álex Hernández
|
0-0: Called Strike 0-1: Ball 1-1: Fielders Choice at 2nd, 6-4 (Groundball, 56)
|
Top of the 7th over - 0 run(s), 1 hit(s), 0 error(s), 0 left on base; Eau Claire 3 - Jasper 2 |
BOTTOM OF THE 7TH |
Jasper Cougars batting - Pitching for Eau Claire Esquires : RHP Robinson Alomar
|
Now at 2B: Gary Roberts
|
|
Batting: RHB Bob Cole
|
0-0: DOUBLE (Line Drive, 3D)
|
Batting: LHB John Stone
|
0-0: Called Strike 0-1: Foul Ball, location: 2F 0-2: Ball 1-2: Ball 2-2: Foul Ball, location: 2F 2-2: Ball 3-2: Base on Balls
|
Batting: RHB Neil Weeks
|
0-0: Called Strike 0-1: Ball 1-1: Grounds into double play, 1-6-3 (Groundball, 13S) Bob Cole to third
|
Batting: RHB David Hernández
|
0-0: Ball 1-0: SINGLE (Groundball, 25) (infield hit) Bob Cole scores
|
Batting: SHB Carlos Córdova
|
0-0: Foul Ball, location: 2F 0-1: Foul Ball, location: 2F 0-2: Ball 1-2: Foul Ball, location: 2F 1-2: Ball 2-2: Foul Ball, location: 2F 2-2: Hit by Pitch David Hernández to second
|
Batting: LHB António Camacho
|
0-0: Ball 1-0: Foul Ball, location: 2F 1-1: Ball 2-1: Called Strike 2-2: Ball 3-2: Foul Ball, location: 2F 3-2: Ground out 6-3 (Groundball, 6)
|
Bottom of the 7th over - 1 run(s), 2 hit(s), 0 error(s), 2 left on base; Eau Claire 3 - Jasper 3 |
TOP OF THE 8TH |
Eau Claire Esquires batting - Pitching for Jasper Cougars : LHP Alberto Guerra
|
Pinch Hitting: RHB Fernando Castellanos
|
0-0: Foul Ball, location: 2F 0-1: Ball 1-1: Ground out 5-3 (Groundball, 5)
|
Pinch Hitting: RHB Ramón Ybarra
|
0-0: Foul Ball, location: 2F 0-1: Ball 1-1: Swinging Strike 1-2: Ball 2-2: Strikes out swinging
|
Batting: RHB Félix Gonzáles
|
0-0: Ball 1-0: Ball 2-0: Ball 3-0: Base on Balls
|
Batting: LHB José Martínez
|
0-0: Ball 1-0: Ball 2-0: Ball 3-0: Base on Balls Félix Gonzáles to second
|
Batting: RHB Jon Krohne
|
0-0: Ball 1-0: Ball 2-0: Fielders Choice at 2nd, U6 (Groundball, 6M)
|
Top of the 8th over - 0 run(s), 0 hit(s), 0 error(s), 2 left on base; Eau Claire 3 - Jasper 3 |
BOTTOM OF THE 8TH |
Jasper Cougars batting - Pitching for Eau Claire Esquires : RHP Robinson Alomar
|
Now at 1B: Ramón Ybarra
|
|
Now in RF: Jason Stover
|
|
Batting: SHB Ron Edwards
|
0-0: Ball 1-0: Ball 2-0: Ball 3-0: Base on Balls
|
Pinch Runner at 1st Jon Rogers:
|
|
Batting: LHB Kyle Harrison
|
0-0: Ball 1-0: Grounds into double play, 4-6-3 (Groundball, 4)
|
Pinch Hitting: RHB George Reeves
|
0-0: Called Strike 0-1: Ball 1-1: Swinging Strike 1-2: Strikes out swinging
|
Bottom of the 8th over - 0 run(s), 0 hit(s), 0 error(s), 0 left on base; Eau Claire 3 - Jasper 3 |
TOP OF THE 9TH |
Eau Claire Esquires batting - Pitching for Jasper Cougars : LHP Alberto Guerra
|
Pitching: RHP José Ortega
|
|
Now at 1B: Jorge Romero
|
|
Now in RF: Jon Rogers
|
|
Batting: RHB Nelson Castro
|
0-0: Ball 1-0: Ball 2-0: Ground out 1-3 (Groundball, 13S)
|
Pinch Hitting: RHB Félix Trevino
|
0-0: Ball 1-0: Ball 2-0: Fly out, F8 (Flyball, 8LM)
|
Batting: RHB Dave Anderson
|
0-0: Called Strike 0-1: Ball 1-1: Swinging Strike 1-2: Ground out U3 (Groundball, 3)
|
Top of the 9th over - 0 run(s), 0 hit(s), 0 error(s), 0 left on base; Eau Claire 3 - Jasper 3 |
BOTTOM OF THE 9TH |
Jasper Cougars batting - Pitching for Eau Claire Esquires : RHP Robinson Alomar
|
Pitching: LHP Adrian Bryant
|
|
Now at 2B: Eitor Carocha
|
|
Batting: RHB Bob Cole
|
0-0: Ball 1-0: Ball 2-0: Ball 3-0: Base on Balls
|
Batting: LHB John Stone
|
0-0: Reached on error, E2 (Groundball, 23) Bob Cole to third
|
Pinch Hitting: LHB Jon Scott
|
0-0: Ball 1-0: Foul Ball, location: 2F 1-1: Swinging Strike 1-2: Foul Ball, location: 2F 1-2: SINGLE (Line Drive, 78S) Bob Cole scores
|
Monday, December 5th, 2016 - OOTP Baseball 17.12 Build 75
|
|